 Dungeon Crawl Stone Soup version 0.30-a0-1006-g5d778dfbfc (webtiles) character file.

Game seed: 12704874366033871972

147 Arcadio the Sneak (level 5, 0/41 HPs)
             Began as a Vampire Brigand on Apr 5, 2023.
             Was an Initiate of Ashenzari.
             Shot with an arrow by a centaur (7 damage)
             ... on level 5 of the Dungeon.
             The game lasted 00:10:23 (3310 turns).

Arcadio the Sneak (Vampire Brigand)                 Turns: 3310, Time: 00:10:24

Health: 0/41       AC:  3    Str: 10    XL:     5   Next: 7%
Magic:  5/5        EV: 12    Int: 13    God:    Ashenzari [......]
Gold:   181        SH:  0    Dex: 18    Spells: 4/4 levels left

rFire   + . .      SeeInvis +    a - +2 dagger
rCold   x . .      Faith    .    (no shield)
rNeg    . . .      Spirit   .    b - +0 robe
rPois   +          Reflect  .    (no helmet)
rElec   .          Rampage  .    c - +0 cloak "Regret of Ashenzari" {Alch, Evo} (curse)
rCorr   .                        (no gloves)
Will    .....                    (no boots)
Stlth   ++++                     (no amulet)
HPRegen 0.46/turn                h - ring of fire
MPRegen 0.09/turn                t - ring of poison resistance

@: healing quickly
A: alive, fangs 3, see invisible, vampiric 2
a: Exsanguinate, Renounce Religion, Shatter the Chains


You were on level 5 of the Dungeon.
You worshipped Ashenzari.
Ashenzari was noncommittal.
You visited 2 branches of the dungeon, and saw 6 of its levels.
You also visited: Ossuary.

You collected 181 gold pieces.

Inventory:

Hand Weapons
 a - a +2 dagger (weapon)
Missiles
 d - 17 poisoned darts (quivered)
 e - 3 curare-tipped darts
Armour
 b - a +0 robe (worn)
 c - the cursed +0 cloak "Regret of Ashenzari" (worn) {Alch, Evo}

   It has a curse which improves the following skills: Alchemy: Poison Magic and
   Transmutations.
   Evocations: Evocations.
 g - a +2 ring mail of fire resistance
 j - a +3 leather armour
Jewellery
 h - a ring of fire (left hand)
 t - a ring of poison resistance (right hand)
Wands
 u - a wand of mindburst (11)
 v - a wand of digging (3)
Scrolls
 f - a scroll of blinking {unknown}
 k - 3 scrolls of teleportation {unknown}
 l - a scroll of brand weapon
 m - a scroll of vulnerability {unknown}
 o - a scroll of fog {unknown}
 r - a scroll of fear {unknown}
 s - a scroll of torment {unknown}
 w - 2 scrolls of identify
Potions
 i - 2 potions of curing
 n - a potion of magic
 p - 2 potions of cancellation


   Skills:
 + Level 3.1 Fighting
 + Level 3.7 Short Blades
 - Level 1.5 Throwing
 - Level 1.1 Dodging
 + Level 7.3 Stealth
 + Level 0.0 Evocations


You had 4 spell levels left.
You didn't know any spells.
Your spell library contained the following spells:

 Spells                   Type           Power      Damage    Failure   Level
 Dazzling Flash           Conj/Hex       0%         N/A       67%         3
 Volatile Blastmotes      Fire/Tloc      0%         2d10      67%         3
 Anguish                  Hex/Necr       0%         N/A       97%         4
 Cause Fear               Hex            0%         N/A       97%         4
 Iskenderun's Mystic Bla  Conj/Tloc      0%         2d3       97%         4
 Starburst                Conj/Fire      0%         6d3       100%        6
 Enfeeble                 Hex            0%         N/A       100%        7


Dungeon Overview and Level Annotations

Branches:
Dungeon (5/15) Zot: 26771  Temple (1/1) D:4 Zot: 5616 Ossuary (visited)

Altars:
Ashenzari
Cheibriados
Gozag
Kikubaaqudgha
Makhleb
Nemelex Xobeh
Okawaru
Qazlal
Ru
Sif Muna
Trog
Uskayaw
Vehumet
Xom
Yredelemnul

Annotations:
D:4 2 transporters


Innate Abilities, Weirdness & Mutations

Your natural rate of healing is accelerated.
You have razor-sharp teeth.
You have supernaturally acute eyesight. (SInv)
You are afflicted with vampirism and can become a bat while bloodless.


Message History

You puncture the bog mummy!
The bog mummy is heavily damaged.
You puncture the bog mummy!
You destroy the bog mummy!
You have reached level 5!
You feel agile.
You feel a strong urge to attack something.
You are no longer berserk.
You are exhausted.
You feel as though you will be slow longer.
You start resting.
You recover from your berserk rage.
You start resting.
You feel yourself speed up.
You start resting.
HP restored.
Ashenzari invites you to partake of a vision and a curse of alchemy and evocations.
Your +0 cloak glows black for a moment.
A centaur comes into view.
Okay, then.
The centaur wields a +0 shortbow.
The centaur shoots an arrow.
The arrow hits you!
You begin bloodletting.
You continue bloodletting.
The centaur shoots an arrow.
Keep bloodletting? [Y]es or [N]o only, please.
Keep bloodletting?
The arrow hits you.
You continue bloodletting.
The centaur shoots an arrow.
The arrow closely misses you.
You continue bloodletting.
The centaur shoots an arrow.
The arrow hits you!
The centaur shoots an arrow.
The arrow hits you!
* * * LOW HITPOINT WARNING * * *
You continue bloodletting.
The centaur shoots an arrow.
The arrow barely misses you.
You continue bloodletting.
The centaur shoots an arrow.
The arrow closely misses you.
The centaur shoots an arrow.
The arrow hits you!
You die...

.#......### ..........###
............### #......
..............## .......
...............## .......
................## .......
.................# ..c....
.................# .......
...#............@# ##.......
#..####..........###........
##..# ###########c..........
#...# ####....####..!..
##..# #.....### #... ###
#.###### .# #


You could see a centaur.

Vanquished Creatures
  2 mummies (D:5)
  3 adders
  An ufetubus (D:4)
  A worm (D:4)
  3 dart slugs
  6 orcs
  An endoplasm (D:1)
  A giant cockroach (D:4)
  3 goblins
  2 hobgoblins
  5 jackals
  4 quokkas
  3 ball pythons
  5 bats
  4 frilled lizards
  5 rats
49 creatures vanquished.

Vanquished Creatures (others)
  6 plants (D:4)
  A withered plant (Ossuary)
7 creatures vanquished.

Grand Total: 56 creatures vanquished

Notes
Turn   | Place    | Note
-------+----------+-------------------------------------------
     0 | D:1      | Arcadio the Vampire Brigand began the quest for the Orb.
     0 | D:1      | Reached XP level 1. HP: 16/16 MP: 1/1
   108 | D:1      | Reached skill level 6 in Stealth
   114 | D:1      | Reached XP level 2. HP: 20/22 MP: 2/2
   690 | D:2      | Found a stormy altar of Qazlal.
   763 | D:2      | Gained mutation: You are afflicted with vampirism and can
                  | become a bat while bloodless. [Vampire growth]
   763 | D:2      | Reached XP level 3. HP: 26/28 MP: 3/3
  1860 | D:4      | Reached XP level 4. HP: 14/34 MP: 4/4
  1943 | D:4      | Found a staircase to the Ecumenical Temple.
  1992 | Temple   | Entered the Ecumenical Temple
  2305 | Temple   | Became a worshipper of Ashenzari the Shackled
  2456 | D:4      | Found a transporter.
  2462 | D:4      | Identified the +1 spear of the Imbibing Gods {elec, SInv}
  2550 | D:4      | Found a transporter.
  3014 | D:4      | Reached skill level 7 in Stealth
  3080 | D:5      | Entered Level 5 of the Dungeon
  3096 | D:5      | Found a sand-covered staircase.
  3107 | D:5      | Noticed an orc warrior
  3117 | Ossuary  | Entered an ossuary
  3151 | D:5      | HP: 2/52 [bog mummy (4)]
  3154 | D:5      | Reached XP level 5. HP: 3/41 MP: 5/5
  3289 | D:5      | Noticed a centaur
  3310 | D:5      | Shot with an arrow by a centaur

Illustrated notes

Levels and vault maps discovered:
D:1:      lordsloth_arrival_two_stooges, layout_basic
D:2:      layout_rooms, serial_glass, glass_columns_a, glass_columns_a,
          glass_columns_a, glass_columns_a, glass_columns_a, glass_columns_b,
          item_on_display_a, due_unseen_surprise, basic_altar
D:3:      layout_loops_corners, tso_metal_star
D:4:      layout_basic, minmay_temple_entry_antechambers,
          gammafunk_ghost_gnarly_gnolls
D:5:      layout_cave_pods, nicolae_ossuary_entry_monument
Temple:   minmay_temple_bridge_d

Skill      XL: |  1  2  3  4 |
---------------+-------------+-----
Fighting       | 2 3 |  3.1
Stealth        | 6 7 |  7.3
Short Blades   | 3 |  3.7
Throwing       | |  1.5
Dodging        | |  1.1

Action                     |  1- 3 |  4- 6 || total
---------------------------+-------+-------++-------
  Melee: Dagger            |   108 |    36 ||   144
         Bite              |     8 |     1 ||     9
         Punch             |       |     1 ||     1
 Invoke: Curse Item        |       |     1 ||     1
Ability: Exsanguinate      |       |     1 ||     1
    Use: Scroll            |     4 |       ||     4
         Potion            |       |     2 ||     2
   Stab: Sleeping          |    15 |     3 ||    18
 Armour: Robe              |    20 |     7 ||    27
  Dodge: Dodged            |    59 |    22 ||    81

Table legend: (Time is in decaauts)
 A = Elapsed time spent in this place.
 B = Non-inter-level travel time spent in this place.
 C = Inter-level travel time spent in this place.
 D = Time resting spent in this place.
 E = Time spent auto-exploring this place.
 F = Levels seen in this place.
 G = Mean time per level.
                   A        B        C        D        E       F      G
               +--------+--------+--------+--------+--------+-----+--------+
         Total |   3309 |   3043 |    266 |     81 |   2395 |   7 |  472.7 |
       Dungeon |   2905 |   2774 |    131 |     81 |   2181 |   5 |  581.0 |
        Temple |    383 |    248 |    135 |      0 |    214 |   1 |  383.0 |
       Ossuary |     20 |     20 |      0 |      0 |      0 |   1 |   20.0 |
               +--------+--------+--------+--------+--------+-----+--------+

Top non-repeatable levels by time:
     D:3: 856 daAuts
     D:4: 855 daAuts
     D:1: 565 daAuts
     D:2: 400 daAuts
  Temple: 383 daAuts
     D:5: 227 daAuts
 Ossuary: 20 daAuts
